 Dungeon Sprint DCSS version 0.21.1-1-g345015f (webtiles) character file.

2849 prawnwizard the Fencer (level 9, -3/139 HPs)
             Began as a Minotaur Berserker on July 14, 2018.
             Was a High Priest of Trog.
             Slain by a glaive of pain (10 damage)
             ... in the Dungeon (Sprint V: "Ziggurat Sprint").
             The game lasted 00:03:11 (593 turns).

prawnwizard the Fencer (Minotaur Berserker)          Turns: 593, Time: 00:03:11

Health: -3/139     AC: 25    Str: 31    XL:     9   Next: 46%
Magic:  12/12      EV:  8    Int:  4    God:    Trog [*****.]
Gold:   0          SH:  0    Dex:  9    Spells: 13/13 levels left

rFire    . . .     SeeInvis .   t - +9 sword of Zonguldrok {reap}
rCold    . . .     Gourm    .   (no shield)
rNeg     . . .     Faith    .   j - +5 crystal plate armour
rPois    .         Spirit   .   (helmet restricted)
rElec    .         Reflect  .   (no cloak)
rCorr    .         Harm     .   (no gloves)
MR       .....     NoTele   +   (no boots)
Stlth    ..........             (no amulet)
HPRegen  0.33/turn              (no ring)
MPRegen  0.13/turn              (no ring)

@: berserking, very quick
A: retaliatory headbutt, horns 2
a: Berserk, Trog's Hand, Brothers in Arms, Burn Spellbooks, Renounce Religion


You were in the Dungeon.
You worshipped Trog.
Trog was extremely pleased with you.
You were not hungry.

You visited 1 branch

Inventory:

Hand Weapons
 a - a +0 hand axe
 k - a +5 triple sword
 r - the +7 Singing Sword
   (You found it in the Dungeon)
 s - the +1 sword of Power
   (You found it in the Dungeon)
 t - the +9 sword of Zonguldrok (weapon) {reap}
   (You found it in the Dungeon)

   If a monster killed with it leaves a corpse in good enough shape, the corpse
   will be animated as a zombie friendly to the killer.
Armour
 b - a +0 animal skin
 j - a +5 crystal plate armour (worn)
Jewellery
 l - a +6 ring of dexterity
 m - a +6 ring of dexterity
 n - a +6 ring of intelligence
 o - a +6 ring of intelligence
 p - a +6 ring of strength
 q - a +6 ring of strength
 I - an uncursed ring of fire
 L - an uncursed ring of magical power
 O - a +2 ring of slaying
Wands
 u - a wand of disintegration (7)
 v - a wand of iceblast (7)
 w - a wand of acid (7)
Scrolls
 i - 4 scrolls of blinking
 y - 7 scrolls of fog
 E - a scroll of holy word
 F - 5 scrolls of identify
 G - 5 scrolls of remove curse
 H - 2 scrolls of fear
Potions
 d - 10 potions of curing
 e - 10 potions of heal wounds
 f - 6 potions of haste
 g - 7 potions of magic
 h - 3 potions of berserk rage
 x - 2 potions of brilliance
 z - 2 potions of invisibility
 A - 4 potions of resistance
 B - a potion of experience
 C - 5 potions of agility
 D - 5 potions of might
Books
 J - Zathash's Almanac of Earth and the Volcanoes
   (You found it in the Dungeon)

   Spells                             Type                      Level
   a - Stone Arrow                    Conjuration/Earth            3
   b - Inner Flame                    Hexes/Fire                   3
   c - Sticky Flame                   Conjuration/Fire             4
   d - Statue Form                    Transmutation/Earth          6
   Trog disapproves of the use of such an item.
 K - a book of Unlife

   Spells                             Type                      Level
   a - Recall                         Summoning/Translocation      3
   b - Animate Dead                   Necromancy                   4
   c - Borgnjor's Vile Clutch         Necromancy/Earth             5
   d - Death Channel                  Necromancy                   6
   e - Simulacrum                     Ice/Necromancy               6
   Trog disapproves of the use of such an item.
 N - a book of Ice

   Spells                             Type                      Level
   a - Ice Form                       Ice/Transmutation            4
   b - Metabolic Englaciation         Hexes/Ice                    5
   c - Ozocubu's Refrigeration        Ice                          6
   d - Bolt of Cold                   Conjuration/Ice              6
   e - Freezing Cloud                 Conjuration/Ice/Air          6
   f - Simulacrum                     Ice/Necromancy               6
   Trog disapproves of the use of such an item.
Comestibles
 c - 7 rations
 M - 4 chunks of flesh


   Skills:
 + Level 13.2 Fighting
 * Level 17.6 Long Blades
 - Level 3.6 Axes
 + Level 10.3 Armour
 + Level 5.3 Dodging
 + Level 2.8 Spellcasting


You had 13 spell levels left.
You didn't know any spells.

Dungeon Overview and Level Annotations

Branches:
Dungeon (1/1)

Altars:
Ashenzari
Cheibriados
Dithmenos
Elyvilon
Fedhas
Gozag
Hepliaklqana
Kikubaaqudgha
Makhleb
Nemelex Xobeh
Okawaru
Qazlal
Ru
Sif Muna
Trog
Uskayaw
Vehumet
Wu Jian
Xom
Yredelemnul
Zin
The Shining One
Beogh
Jiyva
Lugonu

Annotations:
D 1 transporter


Innate Abilities, Weirdness & Mutations

You reflexively headbutt those who attack you in melee.
You have a pair of horns on your head.


Message History

The deep elf mage barely misses your spriggan zombie.
You slash the deep elf mage!
You feel the power of Trog in you as your rage grows.
You kill the deep elf mage!
Trog accepts your kill.
Trog appreciates your killing of a magic user.
Your Fighting skill increases to level 13!
Your Long Blades skill increases to level 17!
Your Armour skill increases to level 10!
Your spriggan zombie hits the deep elf mage with a dagger.
The deep elf mage dies!
Trog accepts your kill.
Trog appreciates your killing of a magic user.
Your wolf zombie misses the deep elf archer.
You slice the deep elf archer!!
The deep elf archer is severely wounded.
The deep elf archer hits you but does no damage.
Your deep elf mage zombie hits the deep elf archer with a rapier!
The glaive of pain hits you!
You die...

▓.▓....▓.▓.▓....▓.▓
▓...©....▓...©)...▓
▓▓▓▓▓▓▓▓▓▓▓▓▓▓▓▓▓▓▓
▓..8©8..▓ ▓..|)%..▓
▓..="?..▓ ▓.......▓
▓..Z()..▓ ▓.Ze@§§§▓
▓.)Z....▓ ▓.▓..§▓§▓
▓...©...▓ ▓▓▓▓▓▓▓▓▓


You could see a deep elf archer, a glaive of pain, a friendly wolf zombie, a
friendly deep elf mage zombie and a friendly spriggan zombie.

Vanquished Creatures
  An orc high priest (D)
  2 deep elf magi (D)
  A slime creature (D)
  A spriggan (D)
  2 air elementals (D)
  A naga (D)
  A floating eye (D)
  3 wolves (D)
  A jelly (D)
  An adder (D)
  3 oozes (D)
  A ball python (D)
18 creatures vanquished.

Vanquished Creatures (collateral kills)
  A deep elf mage (D)
  A black bear (D)
2 creatures vanquished.

Vanquished Creatures (others)
  2 insubstantial wisps (D)
2 creatures vanquished.

Grand Total: 22 creatures vanquished

Notes
Turn   | Place    | Note
-------+----------+-------------------------------------------
     0 | D        | Found the +6 Majin-Bo {vamp, Archmagi MP+6 Int+6}
     0 | D        | Found the +7 great mace "Firestarter" {inner flame, rF++}
     0 | D        | prawnwizard the Minotaur Berserker began the quest for the Orb.
     0 | D        | Reached XP level 1. HP: 19/19 MP: 0/0
    13 | D        | Found a blossoming altar of Fedhas.
    14 | D        | Found a viscous altar of Jiyva.
    14 | D        | Found a hazy altar of Hepliaklqana.
    14 | D        | Found a transporter.
    14 | D        | Found an opulent altar of Gozag.
    14 | D        | Found an ancient bone altar of Kikubaaqudgha.
    14 | D        | Found a corrupted altar of Lugonu.
    29 | D        | Found a burning altar of Makhleb.
    30 | D        | Found a sacrificial altar of Ru.
    30 | D        | Found a stormy altar of Qazlal.
    30 | D        | Found a deep blue altar of Sif Muna.
    30 | D        | Found an iron altar of Okawaru.
    30 | D        | Found a bloodstained altar of Trog.
    30 | D        | Found a sparkling altar of Nemelex Xobeh.
    40 | D        | Found the +9 heavy crossbow "Sniper" {velocity, Acc+∞ SInv}
    40 | D        | Found the +10 dark maul {crush}
    40 | D        | Found the +15 Maxwell's patent armour {-Cast -Tele rElec MR+ rCorr}
    40 | D        | Found the +18 shield of the Gong {rElec rN+ MR+ EV-5}
    40 | D        | Found the cursed +14 obsidian axe {chop, +Fly SInv *Curse}
    41 | D        | Found the +6 shillelagh "Devastator" {shatter}
    41 | D        | Found the +11 plutonium sword {*Contam Stlth-}
    41 | D        | Found the +8 lance "Wyrmbane" {slay drac, rPois rF+ rC+ AC+3}
    41 | D        | Found the +9 sword of Zonguldrok {reap}
    41 | D        | Found the cursed +13 scythe of Curses {drain, *Curse}
    41 | D        | Found the +0 sword of Power
    41 | D        | Found the +0 mace of Variability {chaos}
    41 | D        | Found the +7 Singing Sword
    41 | D        | Found the +7 longbow "Piercer" {penet, EV-2}
    74 | D        | Entered arena 2.
    74 | D        | Noticed a floating eye
    74 | D        | Found a transporter.
    76 | D        | Killed a floating eye
    76 | D        | Reached skill level 5 in Long Blades
    76 | D        | Reached XP level 2. HP: 34/34 MP: 0/4
    76 | D        | Reached XP level 3. HP: 39/39 MP: 0/6
    76 | D        | Reached XP level 4. HP: 47/47 MP: 0/7
    87 | D        | Entered arena 3.
    87 | D        | Noticed a naga
    87 | D        | Found a transporter.
    90 | D        | Reached ** piety under Trog
    96 | D        | Killed a naga
    96 | D        | Reached skill level 7 in Long Blades
    96 | D        | Reached skill level 5 in Armour
    96 | D        | Reached XP level 5. HP: 39/57 MP: 2/8
   219 | D        | Entered arena 4.
   219 | D        | Noticed a slime creature
   219 | D        | Found a transporter.
   226 | D        | Killed a slime creature
   226 | D        | Reached skill level 10 in Fighting
   226 | D        | Reached skill level 9 in Long Blades
   226 | D        | Reached XP level 6. HP: 57/67 MP: 9/9
   228 | D        | Reached *** piety under Trog
   228 | D        | Reached skill level 10 in Long Blades
   230 | D        | Reached **** piety under Trog
   236 | D        | Entered arena 5.
   236 | D        | Noticed an air elemental
   236 | D        | Noticed an insubstantial wisp
   236 | D        | Noticed an insubstantial wisp
   236 | D        | Noticed an air elemental
   236 | D        | Found a transporter.
   238 | D        | Killed an insubstantial wisp
   238 | D        | Killed an air elemental
   238 | D        | Reached skill level 11 in Long Blades
   238 | D        | Reached skill level 5 in Dodging
   238 | D        | Reached XP level 7. HP: 46/74 MP: 10/10
   245 | D        | Killed an air elemental
   245 | D        | Reached skill level 12 in Long Blades
   251 | D        | Identified Zathash's Almanac of Earth and the Volcanoes
   548 | D        | Entered arena 6.
   548 | D        | Noticed a spriggan
   548 | D        | Found a transporter.
   549 | D        | Found the +7 great mace "Undeadhunter" {disrupt, rN+}
   559 | D        | Killed a spriggan
   559 | D        | Reached skill level 13 in Long Blades
   559 | D        | Reached XP level 8. HP: 62/83 MP: 11/11
   559 | D        | Reached ***** piety under Trog
   562 | D        | Received a gift from Trog
   562 | D        | Reached skill level 14 in Long Blades
   579 | D        | Entered arena 7.
   579 | D        | Noticed a deep elf mage
   579 | D        | Noticed a deep elf mage
   579 | D        | Noticed an orc high priest
   579 | D        | Noticed a deep elf mage
   579 | D        | Noticed a deep elf archer
   579 | D        | Noticed a glaive of pain
   580 | D        | Found a transporter.
   584 | D        | Killed a deep elf mage
   584 | D        | Received a gift from Trog
   584 | D        | Reached skill level 15 in Long Blades
   591 | D        | Killed an orc high priest
   591 | D        | Reached skill level 16 in Long Blades
   591 | D        | Reached XP level 9. HP: 17/92 MP: 12/12
   591 | D        | HP: 6/138 [glaive of pain (4)]
   592 | D        | Killed a deep elf mage
   592 | D        | Reached skill level 17 in Long Blades
   592 | D        | Reached skill level 10 in Armour
   592 | D        | Killed a deep elf mage
   593 | D        | Slain by a glaive of pain

Skill      XL: |  1  2  3  4  5  6  7  8  9 |
---------------+----------------------------+-----
Fighting       | 7 9 10 11 12 13 | 13.2
Long Blades    | 5 7 9 11 13 16 17 | 17.6
Armour         | 3 5 6 7 8 9 10 | 10.3
Dodging        | 3 4 5 |  5.3
Spellcasting   | 2 |  2.8
Axes           | |  3.6

Action                   |  1- 3 |  4- 6 |  7- 9 || total
-------------------------+-------+-------+-------++-------
Melee: Double sword      |     1 |    17 |    31 ||    49
       Headbutt          |       |     4 |     3 ||     7
Invok: Burn Spellbooks   |       |     1 |       ||     1
       Berserk           |       |       |     1 ||     1
Armor: Crystal plate arm |     1 |    20 |    54 ||    75
Dodge: Dodged            |       |     6 |    18 ||    24
       Rpst.: Double sword |       |     2 |     5 ||     7
